 Dungeon Crawl Stone Soup version 0.31-a0-259-g771a54ca4b (webtiles) character file.

Game seed: 6591229383794518468

12 qw the Shooter (level 2, -2/16 HPs)
             Began as a Gargoyle Hexslinger on July 13, 2023.
             Frozen to death by an endoplasm (5 damage)
             ... on level 1 of the Dungeon.
             The game lasted 00:00:07 (367 turns).

qw the Shooter (Gargoyle Hexslinger)                 Turns: 367, Time: 00:00:07

Health: -2/16      AC:  4    Str: 11    XL:     2   Next: 33%
Magic:  3/3        EV: 12    Int: 13    God:
Gold:   23         SH:  0    Dex: 12    Spells: 2/3 levels left

rFire   . . .        a - +1 sling
rCold   . . .        (no shield)
rNeg    + . .        c - +0 robe
rPois   inf          (no helmet)
rElec   +            (no cloak)
rCorr   .            (no gloves)
SInv    .            (no boots)
Will    .....        (no amulet)
Stlth   +            (no ring)
HPRegen 0.22/turn    (no ring)
MPRegen 0.08/turn

%: no passive effects
@: no status effects
A: sickness immunity, AC +2, negative energy resistance 1, electricity
resistance, torment resistance 1, petrification resistance
a: no special abilities


You were on level 1 of the Dungeon.
You visited 1 branch of the dungeon, and saw 1 of its levels.

You collected 23 gold pieces.


Innate Abilities, Weirdness & Mutations

You are immune to sickness and miasma.
Your stone body is resilient. (AC +2)
You are immune to poison.
You resist negative energy. (rN+)
You are resistant to electric shocks. (rElec)
You are resistant to unholy torment.
You are immune to petrification.


   Skills:
 - Level 1.1 Fighting
 + Level 2.9 Ranged Weapons
 - Level 1.5 Dodging
 - Level 1.0 Spellcasting
 - Level 2.6 Hexes


You had 2 spell levels left.
You knew the following spells:

 Your Spells              Type           Power      Damage    Failure   Level
a - Slow                  Hex            28%        N/A       10%         1

Your spell library contained the following spells:

 Spells                   Type           Power      Damage    Failure   Level
 Inner Flame              Hex/Fire       4%         N/A       43%         3
 Portal Projectile        Hex/Tloc       8%         N/A       43%         3
 Cause Fear               Hex            3%         N/A       67%         4

Inventory:

Hand Weapons
 a - a +1 sling (weapon)
Armour
 c - a +0 robe (worn)
 d - a +0 pair of boots
 g - a +0 ring mail
 i - a +0 cloak
Jewellery
 f - an amulet of faith
Scrolls
 b - a scroll of poison
 e - a scroll of teleportation {unknown}
 h - a scroll of noise {unknown}

Dungeon Overview and Level Annotations

Branches:
Dungeon (1/15)

Altars:


Message History

A kobold comes into view. It is wielding a +0 club.
You shoot a sling bullet. The sling bullet misses the quokka.
An endoplasm comes into view.
You shoot a sling bullet.
The sling bullet closely misses the quokka.
The endoplasm quivers.
A ball python comes into view.
The quokka misses you.
You shoot a sling bullet.
The sling bullet closely misses the quokka.
The ball python hisses angrily.
The quokka bites you. The kobold barely misses you.
The quokka barely misses you.
You shoot a sling bullet. The sling bullet hits the quokka.
You kill the quokka!
The rat closely misses you. The kobold hits you but does no damage.
You shoot a sling bullet. The sling bullet hits the kobold.
The kobold is severely wounded.
The rat bites you. The kobold closely misses you.
You shoot a sling bullet.
The sling bullet barely misses the kobold.
The rat bites you but does no damage.
The kobold hits you with a +0 short sword.
The kobold closely misses you.
The kobold hits you with a +0 short sword.
The rat bites you.
You shoot a sling bullet.
The sling bullet completely misses the kobold.
A bat comes into view.
The kobold misses you. The rat closely misses you.
The kobold completely misses you.
The bat moves out of view.
You shoot a sling bullet. The sling bullet misses the kobold.
The kobold hits you but does no damage. The rat closely misses you.
The kobold hits you with a +0 short sword.
You shoot a sling bullet.
The sling bullet closely misses the kobold.
The kobold closely misses you. The endoplasm freezes you.
You are frozen.
You die...

#####..)####.......#.#.#
................##.#.#.#.
......>.........##.......
.........:......##..###.#
######...#########......#
#...# #.###### #...# #.#
#. #.J.# #.# #. #.r@# #.#
#. ......KK# #.#####.
.####..S# #....... #..#b
#######. ... . ## .... ..
#.#.. #. ..... ..


You could see an endoplasm, a bat (wandering), a ball python, 2 kobolds and a
rat.

Vanquished Creatures
  A dart slug (D:1)
  A ball python (D:1)
  An endoplasm (D:1)
  A goblin (D:1)
  2 hobgoblins (D:1)
  A quokka (D:1)
  A frilled lizard (D:1)
  A kobold (D:1)
9 creatures vanquished.

Notes
Turn   | Place    | Note
-------+----------+-------------------------------------------
     0 | D:1      | qw the Gargoyle Hexslinger began the quest for the Orb.
     0 | D:1      | Reached XP level 1. HP: 12/12 MP: 2/2
     0 | D:1      | 0 ||| qw: Version: 0.3-a-52-g30416fa
     0 | D:1      | 0 ||| qw: Game counter: 6922
     0 | D:1      | 0 ||| qw: Melee chars always use a shield: true
     0 | D:1      | 0 ||| qw: God list: Okawaru
     0 | D:1      | 0 ||| qw: Allow faded altars: false
     0 | D:1      | 0 ||| qw: Do Orc after clearing Dungeon:15 true
     0 | D:1      | 0 ||| qw: Do second Lair branch before Depths: true
     0 | D:1      | 0 ||| qw: Lair rune preference: random
     0 | D:1      | 0 ||| qw: Goals: Normal
     0 | D:1      | 0 ||| PLANNING D:1-11
   116 | D:1      | HP: 2/12 [kobold/+0 whip (4)]
   172 | D:1      | Reached XP level 2. HP: 16/16 MP: 3/3
   364 | D:1      | HP: 4/16 [rat (2)]
   367 | D:1      | Frozen to death by an endoplasm

Levels and vault maps discovered:
D:1:      ncdulo_watergridlock, layout_loops_cross

Action                     || total
---------------------------++-------
   Fire: Sling             ||    32
 Armour: Robe              ||     4
  Dodge: Dodged            ||    15

Table legend:
 A = Non-vault XP
 B = Vault XP
 C = Vault XP percentage of total XP
 D = Non-vault monster count
 E = Vault monster count
 F = Vault count percentage of total count
                 A         B        C        D         E       F
            +---------+---------+-------+---------+---------+-------
      Total |      18 |       0 |   0.0 |       9 |       0 |   0.0
            +---------+---------+-------+---------+---------+-------
        D:1 |      18 |       0 |   0.0 |       9 |       0 |   0.0
            +---------+---------+-------+---------+---------+-------
